TOP OF THE 1ST |
Nassau Rockets batting - Pitching for Orlando Calrissian : RHP Gerardo García
|
Pitching: RHP Gerardo García
|
|
Batting: LHB Andrew Alvarado
|
0-0: Ball 1-0: Ball 2-0: Called Strike 2-1: Ball 3-1: Called Strike 3-2: Base on Balls
|
Batting: LHB Juan Romero
|
0-0: Called Strike 0-1: Called Strike 0-2: Ball 1-2: Foul Ball, location: 2F 1-2: Fly out, F7 (Line Drive, 7)
|
Batting: SHB Edgardo Osorio
|
0-0: Ball Andrew Alvarado steals 2nd base 1-0: Ball 2-0: Ball 3-0: Base on Balls
|
Batting: LHB Wilson Allen
|
0-0: SINGLE (Flyball, 8RS) Andrew Alvarado to third Edgardo Osorio to second Runner from 3rd tries for Home, SAFE, no throw
|
Batting: RHB Wallace Greene
|
0-0: Grounds into double play, 5-4-3 (Groundball, 56)
|
Top of the 1st over - 1 run, 1 hit, 0 errors, 1 left on base; Nassau 1 - Orlando 0 |
BOTTOM OF THE 1ST |
Orlando Calrissian batting - Pitching for Nassau Rockets : RHP David Contreras
|
Pitching: RHP David Contreras
|
|
Batting: LHB Craig Kenney
|
0-0: Ball 1-0: Foul Ball, location: 2F 1-1: Ball 2-1: Called Strike 2-2: Foul Ball, location: 2F 2-2: Ball 3-2: Fly out, F8 (Flyball, 8LM)
|
Batting: RHB Júlio Negrón
|
0-0: Called Strike 0-1: Ball 1-1: Called Strike 1-2: SINGLE (Groundball, 4D)
|
Batting: RHB Gabriel Ángel
|
0-0: Ball 1-0: Swinging Strike 1-1: Fly out, F8 (Flyball, 8RD)
|
Batting: LHB Juan Colón
|
0-0: Called Strike 0-1: Ball 1-1: Ball Júlio Negrón steals 2nd base 2-1: Ground out 5-3 (Groundball, 56)
|
Bottom of the 1st over - 0 runs, 1 hit, 0 errors, 1 left on base; Nassau 1 - Orlando 0 |
TOP OF THE 2ND |
Nassau Rockets batting - Pitching for Orlando Calrissian : RHP Gerardo García
|
Batting: LHB Dusty Wilson
|
0-0: Ball 1-0: Foul Ball, location: 2F 1-1: Foul Ball, location: 2F 1-2: Ball 2-2: DOUBLE (Line Drive, 7LD)
|
Batting: RHB Jesús Villalobos
|
0-0: Swinging Strike 0-1: Fly out, F8 (Flyball, 89D) Runner from 2nd tags up, SAFE at 3rd, no throw
|
Batting: RHB Aaron Wilson
|
0-0: Foul Ball, location: 2F 0-1: SINGLE (Line Drive, 34D) Dusty Wilson scores
|
Batting: RHB Tommy Davenport
|
0-0: Ball 1-0: Ball 2-0: Ball 3-0: Grounds into double play, 5-4-3 (Groundball, 56)
|
Top of the 2nd over - 1 run, 2 hits, 0 errors, 0 left on base; Nassau 2 - Orlando 0 |
BOTTOM OF THE 2ND |
Orlando Calrissian batting - Pitching for Nassau Rockets : RHP David Contreras
|
Batting: LHB Danny Allen
|
0-0: Ball 1-0: Ground out 4-3 (Groundball, 4S)
|
Batting: SHB Javier Jiménez
|
0-0: Called Strike 0-1: Foul Ball, location: 2F 0-2: Ball 1-2: Ball 2-2: Ball 3-2: Fly out, F9 (Flyball, 9D)
|
Batting: SHB Brian Price
|
0-0: Called Strike 0-1: Fly out, F7 (Line Drive, 7LM)
|
Bottom of the 2nd over - 0 runs, 0 hits, 0 errors, 0 left on base; Nassau 2 - Orlando 0 |
TOP OF THE 3RD |
Nassau Rockets batting - Pitching for Orlando Calrissian : RHP Gerardo García
|
Batting: LHB Andrew Alvarado
|
0-0: Ball 1-0: Ball 2-0: Called Strike 2-1: Ground out 4-3 (Groundball, 4)
|
Batting: LHB Juan Romero
|
0-0: Ball 1-0: Foul Ball, location: 2F 1-1: Foul Ball, location: 2F 1-2: Ball 2-2: Ball 3-2: Ground out U3 (Groundball, 34S)
|
Batting: SHB Edgardo Osorio
|
0-0: Ground out 5-3 (Groundball, 56)
|
Top of the 3rd over - 0 runs, 0 hits, 0 errors, 0 left on base; Nassau 2 - Orlando 0 |
BOTTOM OF THE 3RD |
Orlando Calrissian batting - Pitching for Nassau Rockets : RHP David Contreras
|
Batting: RHB Augusto Padilla
|
0-0: Ball 1-0: Swinging Strike 1-1: Foul Ball, location: 2F 1-2: Ball 2-2: Strikes out looking
|
Batting: RHB José Rosales
|
0-0: Bunted foul 0-1: Foul Ball, location: 2F 0-2: Foul Ball, location: 2F 0-2: Ground out 4-3 (Groundball, 4)
|
Batting: LHB Craig Kenney
|
0-0: Swinging Strike 0-1: Ball 1-1: Called Strike 1-2: Ball 2-2: Strikes out swinging
|
Bottom of the 3rd over - 0 runs, 0 hits, 0 errors, 0 left on base; Nassau 2 - Orlando 0 |
TOP OF THE 4TH |
Nassau Rockets batting - Pitching for Orlando Calrissian : RHP Gerardo García
|
Batting: LHB Wilson Allen
|
0-0: Ball 1-0: Foul Ball, location: 2F 1-1: Foul Ball, location: 2F 1-2: Ground out 5-3 (Groundball, 56)
|
Batting: RHB Wallace Greene
|
0-0: Foul Ball, location: 2F 0-1: Ball 1-1: Fly out, F7 (Flyball, 78D)
|
Batting: LHB Dusty Wilson
|
0-0: Called Strike 0-1: Ball 1-1: Ball 2-1: Ball 3-1: Base on Balls
|
Batting: RHB Jesús Villalobos
|
0-0: Ball 1-0: Swinging Strike 1-1: Ball 2-1: SINGLE (Groundball, 56S) (infield hit) Dusty Wilson to second
|
Batting: RHB Aaron Wilson
|
0-0: Ground out 5-3 (Groundball, 5S)
|
Top of the 4th over - 0 runs, 1 hit, 0 errors, 2 left on base; Nassau 2 - Orlando 0 |
BOTTOM OF THE 4TH |
Orlando Calrissian batting - Pitching for Nassau Rockets : RHP David Contreras
|
Batting: RHB Júlio Negrón
|
0-0: Called Strike 0-1: Ball 1-1: Fly out, F3 (Popup, 3SF)
|
Batting: RHB Gabriel Ángel
|
0-0: Foul Ball, location: 2F 0-1: Foul Ball, location: 2F 0-2: Ball 1-2: Strikes out swinging
|
Batting: LHB Juan Colón
|
0-0: Ball 1-0: Foul Ball, location: 2F 1-1: Ground out 1-3 (Groundball, P)
|
Bottom of the 4th over - 0 runs, 0 hits, 0 errors, 0 left on base; Nassau 2 - Orlando 0 |
TOP OF THE 5TH |
Nassau Rockets batting - Pitching for Orlando Calrissian : RHP Gerardo García
|
Batting: RHB Tommy Davenport
|
0-0: Foul Ball, location: 2F 0-1: Ground out 4-3 (Groundball, 4S)
|
Batting: LHB Andrew Alvarado
|
0-0: Ball 1-0: Ball 2-0: Ball 3-0: Base on Balls
|
Batting: LHB Juan Romero
|
0-0: Fly out, F8 (Flyball, 78D)
|
Batting: SHB Edgardo Osorio
|
0-0: Ball 1-0: Ball 2-0: Called Strike 2-1: Foul Ball, location: 2F 2-2: SINGLE (Line Drive, 4D) Andrew Alvarado to second Runner from 2nd tries for 3rd, SAFE, no throw
|
Batting: LHB Wilson Allen
|
0-0: Fly out, F4 (Popup, 4M)
|
Top of the 5th over - 0 runs, 1 hit, 0 errors, 2 left on base; Nassau 2 - Orlando 0 |
BOTTOM OF THE 5TH |
Orlando Calrissian batting - Pitching for Nassau Rockets : RHP David Contreras
|
Batting: LHB Danny Allen
|
0-0: Ball 1-0: Ball 2-0: Ball 3-0: Called Strike 3-1: Foul Ball, location: 2F 3-2: Fly out, F7 (Flyball, 7S)
|
Batting: SHB Javier Jiménez
|
0-0: Called Strike 0-1: Ball 1-1: Called Strike 1-2: Ball 2-2: Ball 3-2: Foul Ball, location: 2F 3-2: Base on Balls
|
Batting: SHB Brian Price
|
0-0: Ball 1-0: Foul Ball, location: 2F 1-1: Ball 2-1: Swinging Strike 2-2: Foul Ball, location: 2F 2-2: Foul Ball, location: 2F 2-2: Fly out, F5 (Popup, 56)
|
Batting: RHB Augusto Padilla
|
0-0: Foul Ball, location: 2F 0-1: Swinging Strike 0-2: Ball 1-2: Ball 2-2: Strikes out swinging
|
Bottom of the 5th over - 0 runs, 0 hits, 0 errors, 1 left on base; Nassau 2 - Orlando 0 |
TOP OF THE 6TH |
Nassau Rockets batting - Pitching for Orlando Calrissian : RHP Gerardo García
|
Batting: RHB Wallace Greene
|
0-0: Ball 1-0: Foul Ball, location: 2F 1-1: Ball 2-1: Ground out 5-3 (Groundball, 56)
|
Batting: LHB Dusty Wilson
|
0-0: Foul Ball, location: 2F 0-1: Foul Ball, location: 2F 0-2: Ball 1-2: Strikes out looking
|
Batting: RHB Jesús Villalobos
|
0-0: Foul Ball, location: 2F 0-1: Foul Ball, location: 2F 0-2: Ball 1-2: Ball 2-2: Foul Ball, location: 2F 2-2: Ground out 1-3 (Groundball, 13)
|
Top of the 6th over - 0 runs, 0 hits, 0 errors, 0 left on base; Nassau 2 - Orlando 0 |
BOTTOM OF THE 6TH |
Orlando Calrissian batting - Pitching for Nassau Rockets : RHP David Contreras
|
Batting: RHB José Rosales
|
0-0: Called Strike 0-1: Foul Ball, location: 2F 0-2: Foul Ball, location: 2F 0-2: Ball 1-2: Ball 2-2: Ground out 6-3 (Groundball, 6)
|
Batting: LHB Craig Kenney
|
0-0: SINGLE (Groundball, 4MD)
|
Batting: RHB Júlio Negrón
|
0-0: Ball 1-0: Called Strike 1-1: Ground out 4-3 (Groundball, 4S) Craig Kenney to second
|
Batting: RHB Gabriel Ángel
|
0-0: Ball 1-0: Called Strike 1-1: Foul Ball, location: 2F 1-2: Strikes out swinging
|
Bottom of the 6th over - 0 runs, 1 hit, 0 errors, 1 left on base; Nassau 2 - Orlando 0 |
TOP OF THE 7TH |
Nassau Rockets batting - Pitching for Orlando Calrissian : RHP Gerardo García
|
Batting: RHB Aaron Wilson
|
0-0: Called Strike 0-1: Called Strike 0-2: Ball 1-2: Ball 2-2: Strikes out swinging
|
Pitching: LHP Jim Sheppard
|
|
Batting: RHB Tommy Davenport
|
0-0: Called Strike 0-1: SINGLE (Flyball, 9S)
|
Batting: LHB Andrew Alvarado
|
0-0: Ball 1-0: Called Strike 1-1: DOUBLE (Line Drive, 8LXD) Tommy Davenport to third
|
Pinch Hitting: RHB António Zúñiga
|
0-0: Intentional Walk
|
Batting: SHB Edgardo Osorio
|
0-0: Ball 1-0: Foul Ball, location: 2F 1-1: Fly out, F8 (Flyball, 8LD) Runner from 3rd tags up, OUT at HOME
|
Top of the 7th over - 0 runs, 2 hits, 0 errors, 2 left on base; Nassau 2 - Orlando 0 |
BOTTOM OF THE 7TH |
Orlando Calrissian batting - Pitching for Nassau Rockets : RHP David Contreras
|
Now at 3B: Mitsuharu Matsumoto
|
|
Batting: LHB Juan Colón
|
0-0: Swinging Strike 0-1: Foul Ball, location: 2F 0-2: Ball 1-2: Strikes out swinging
|
Batting: LHB Danny Allen
|
0-0: SINGLE (Flyball, 89M)
|
Batting: SHB Javier Jiménez
|
0-0: Ball Danny Allen steals 2nd base 1-0: Foul Ball, location: 2F 1-1: Swinging Strike 1-2: Ball 2-2: Foul Ball, location: 2F 2-2: Strikes out looking
|
Pitching: RHP Suezo Morimoto
|
|
Batting: SHB Brian Price
|
0-0: Called Strike 0-1: Called Strike Balk! Danny Allen to third 0-2: SINGLE (Groundball, 56D) Danny Allen scores
|
Batting: RHB Augusto Padilla
|
0-0: Foul Ball, location: 2F 0-1: Fly out, F6 (Popup, 6M)
|
Bottom of the 7th over - 1 run, 2 hits, 0 errors, 1 left on base; Nassau 2 - Orlando 1 |
TOP OF THE 8TH |
Nassau Rockets batting - Pitching for Orlando Calrissian : LHP Jim Sheppard
|
Batting: LHB Wilson Allen
|
0-0: Ball 1-0: Called Strike 1-1: Called Strike 1-2: Ball 2-2: Ball 3-2: Base on Balls
|
Batting: RHB Wallace Greene
|
0-0: Foul Ball, location: 2F 0-1: Swinging Strike 0-2: Foul Ball, location: 2F 0-2: Ball 1-2: Ground out 6-3 (Groundball, 6S) Wilson Allen to second
|
Batting: LHB Dusty Wilson
|
0-0: Intentional Walk
|
Batting: RHB Jesús Villalobos
|
0-0: Grounds into double play, 5-4-3 (Groundball, 56)
|
Top of the 8th over - 0 runs, 0 hits, 0 errors, 1 left on base; Nassau 2 - Orlando 1 |
BOTTOM OF THE 8TH |
Orlando Calrissian batting - Pitching for Nassau Rockets : RHP Suezo Morimoto
|
Pitching: LHP Joaquín Gonzáles
|
|
Batting: RHB José Rosales
|
0-0: Called Strike 0-1: Foul Ball, location: 2F 0-2: Foul Ball, location: 2F 0-2: Ball 1-2: Strikes out swinging
|
Batting: LHB Craig Kenney
|
0-0: Ground out 4-3 (Groundball, 4)
|
Batting: RHB Júlio Negrón
|
0-0: Called Strike 0-1: Ball 1-1: Foul Ball, location: 2F 1-2: Ball 2-2: Foul Ball, location: 2F 2-2: Foul Ball, location: 2F 2-2: Strikes out swinging
|
Bottom of the 8th over - 0 runs, 0 hits, 0 errors, 0 left on base; Nassau 2 - Orlando 1 |
TOP OF THE 9TH |
Nassau Rockets batting - Pitching for Orlando Calrissian : LHP Jim Sheppard
|
Pitching: LHP Mike Murray
|
|
Batting: RHB Aaron Wilson
|
0-0: Called Strike 0-1: Ball 1-1: Ball 2-1: Fly out, F4 (Popup, 4)
|
Batting: RHB Tommy Davenport
|
0-0: Ball 1-0: Ball 2-0: SINGLE (Flyball, 7S)
|
Pinch Hitting: RHB Dexter Potter
|
0-0: Grounds into double play, 6-4-3 (Groundball, 6)
|
Top of the 9th over - 0 runs, 1 hit, 0 errors, 0 left on base; Nassau 2 - Orlando 1 |
BOTTOM OF THE 9TH |
Orlando Calrissian batting - Pitching for Nassau Rockets : LHP Joaquín Gonzáles
|
Now in LF: Kenji Kudo
|
|
Batting: RHB Gabriel Ángel
|
0-0: Called Strike 0-1: Foul Ball, location: 2F 0-2: Strikes out swinging
|
Batting: LHB Juan Colón
|
0-0: Ball 1-0: Ground out U3 (Groundball, 3)
|
Pinch Hitting: RHB Jesús Gonzáles
|
0-0: Ball 1-0: Fly out, F8 (Flyball, 8LD)
|
Bottom of the 9th over - 0 runs, 0 hits, 0 errors, 0 left on base; Nassau 2 - Orlando 1 |
|